[Event "*** Titled Tuesday Blitz"]
[Site "Chess.com"]
[Date "2020.04.14"]
[Round "7"]
[White "mbojan"]
[Black "GMSrinath"]
[Result "1-0"]
[WhiteElo "2608"]
[BlackElo "2767"]
[TimeControl "180+1"]
[EndTime "11:11:12 PDT"]
[Termination "mbojan won by resignation"]

1. e4 c5 2. Nf3 Nc6 3. Bb5 g6 4.
Bxc6 dxc6 5. d3 Bg7 6. O-O Nf6 7. Nc3 Nd7 8. Be3 e5 9. Qd2 h6 10. a3 b6 11. b4 cxb4 12. axb4 Nf8 13. b5 c5 14. Nd5 Ne6 15. c4 Bb7 16. Ra3 f5 17.
Qa2 f4 18. Bd2 g5 19. Rxa7 g4 20. Rxa8 Bxa8 21. Nh4 Bxd5 22. cxd5 Nd4 23. Ng6 Rh7 24. d6 Kd7 25. Qf7+ Kxd6 26. Ra1 Qf6 27. Qd5+ 1-0

[Event "*** Titled Tuesday Blitz"]
[Site "Chess.com"]
[Date "2020.04.14"]
[Round "7"]
[White "HashtagChess"]
[Black "arjwezhrtdrz"]
[Result "0-1"]
[WhiteElo "1638"]
[BlackElo "2199"]
[TimeControl "180+1"]
[EndTime "11:11:15 PDT"]
[Termination "arjwezhrtdrz won by resignation"]

1. e4 e6 2. Nf3 d5 3. Nc3 Nf6 4. e5 Nfd7 5. d4 a6 6. Bd3 c5 7.
dxc5 Nc6 8. Bf4 Nxc5 9. Be2 Be7 10. O-O O-O 11. a3 b5 12. b4 Nd7 13. Bd3 Re8 14. Re1 Nf8 15. Qd2 Ng6 16. Bg5 Bxg5 17. Qxg5 Qxg5 18.
Nxg5 Ncxe5 19. f4 Nxd3 20. cxd3 Nxf4 21. Rf1 h6 22. Nxf7 Nxd3 23. Ne5 Nxe5 0-1

[Event "*** Titled Tuesday Blitz"]
[Site "Chess.com"]
[Date "2020.04.14"]
[Round "7"]
[White "JakeCarlosBanawa"]
[Black "Shivagami"]
[Result "1-0"]
[WhiteElo "2344"]
[BlackElo "2139"]
[TimeControl "180+1"]
[EndTime "11:11:16 PDT"]
[Termination "JakeCarlosBanawa won by resignation"]

1. d4 Nf6 2. c4 c5 3. d5 e6 4. Nc3 exd5 5. cxd5 d6 6. Nf3 g6 7. Bf4 Bg7 8. Qa4+ Bd7 9. Qb3 Bc8 10. e3 a6 11. a4 O-O 12. Be2 Ne8 13. Nd2 Nd7 14. O-O Rb8 15. Nc4 Qc7 16. a5 Ne5 17.
Nb6 f5 18. Rac1 Kh8 19. Rfd1 Nf6 20. Bxe5 dxe5 21. d6 Qd8 22. Nca4 Ne4 23. d7 1-0

[Event "*** Titled Tuesday Blitz"]
[Site "Chess.com"]
[Date "2020.04.14"]
[Round "7"]
[White "MoreChessJulia"]
[Black "Treacherous_horse64"]
[Result "1-0"]
[WhiteElo "1748"]
[BlackElo "2180"]
[TimeControl "180+1"]
[EndTime "11:11:17 PDT"]
[Termination "MoreChessJulia won by checkmate"]

1. d4 d5 2. c4 e6 3. cxd5 exd5 4.
Nc3 c6 5. h3 Nf6 6. Bg5 Ke7 7.
e4 dxe4 8. Nxe4 Qa5+ 9. Bd2 Qc7 10. Bb4+ Ke8 11. Nxf6+ gxf6 12. Bc3 Be6 13. Ne2 Nd7 14.
Qd2 h5 15. Nf4 Bh6 16. g3 h4 17. Kd1 Bxf4 18. Qxf4 Qxf4 19. gxf4 Nb6 20. Kc2 Rg8 21. a4 Nd5 22. Bd2 Bf5+ 23. Bd3 Bxd3+ 24. Kxd3 Kd7 25. Rag1 f5 26. b4 Nf6 27. Rg5 Ne4 28.
Rxf5 Nxf2+ 29. Kc4 Nxh1 30. Rxf7+ Ke6 31. Rxb7 Nf2 32.
Rh7 Rh8 33. f5+ Kxf5 34. Rf7+ Ke4 35. Rf4# 1-0

[Event "*** Titled Tuesday Blitz"]
[Site "Chess.com"]
[Date "2020.04.14"]
[Round "7"]
[White "Zubrrr"]
[Black "lestri"]
[Result "1-0"]
[WhiteElo "2708"]
[BlackElo "2541"]
[TimeControl "180+1"]
[EndTime "11:11:20 PDT"]
[Termination "Zubrrr won by resignation"]

1. c4 d6 2. Nc3 c5 3. g3 g6 4. Bg2 Bg7 5. Nf3 Nc6 6. O-O a6 7. Ne1 Rb8 8. Nc2 e6 9. e3 Nge7 10. d4 O-O 11. b3 cxd4 12. exd4 Nf5 13. Ne2 e5 14. Bb2 exd4 15. Nexd4 Ncxd4 16. Nxd4 Qb6 17. Nxf5 Bxb2 18. Ne7+ Kg7 19. Rb1 Ba3 20. b4 Be6 21. Qb3 1-0

[Event "*** Titled Tuesday Blitz"]
[Site "Chess.com"]
[Date "2020.04.14"]
[Round "7"]
[White "Kaua18"]
[Black "Natalya_Buksa"]
[Result "1-0"]
[WhiteElo "2264"]
[BlackElo "2430"]
[TimeControl "180+1"]
[EndTime "11:11:22 PDT"]
[Termination "Kaua18 won by checkmate"]

1. e4 c5 2. Nf3 Nc6 3. d4 cxd4 4. Nxd4 Nf6 5. Nc3 e5 6. Ndb5 d6 7. Bg5 a6 8. Na3 b5 9. Nd5 Be7 10. Bxf6 Bxf6 11. c3 Bg5 12. Nc2 Rb8 13. h4 Bh6 14. Nce3 O-O 15. g4 Bf4 16. Qf3 b4 17. Be2 bxc3 18. bxc3 Be6 19. Nxf4 exf4 20. Qxf4 Ne5 21.
Nf5 Bxf5 22. gxf5 Re8 23. Rg1 d5 24. h5 dxe4 25. f6 Nd3+ 26. Bxd3 exd3+ 27. Kf1 d2 28. Rxg7+ Kf8 29. Rg8+ Kxg8 30. Qg5+ Kf8 31. Qg7# 1-0

[Event "*** Titled Tuesday Blitz"]
[Site "Chess.com"]
[Date "2020.04.14"]
[Round "7"]
[White "nocnypako"]
[Black "poliplaza"]
[Result "1-0"]
[WhiteElo "2594"]
[BlackElo "2388"]
[TimeControl "180+1"]
[EndTime "11:11:25 PDT"]
[Termination "nocnypako won by resignation"]

1. d4 c5 2. d5 Nf6 3. c4 e6 4.
Nc3 exd5 5. cxd5 d6 6. e4 g6 7. f4 Bg7 8. Bb5+ Nfd7 9. a4 O-O 10. Nf3 Na6 11. O-O Nc7 12. Bxd7 Bxd7 13. f5 gxf5 14. Bg5 f6 15. Bf4 fxe4 16. Nxe4 Bg4 17. Nxd6 f5 18. Qb3 Rf6 19. Nc4 Nxd5 20. Ne3 c4 21.
Qxc4 Rc6 22. Qxd5+ Qxd5 23. Nxd5 Rc2 24. Rac1 Rxb2 25.
Ne5 Rd8 26. Ne7+ Kf8 27. Nxg4 Kxe7 28. Bg5+ Bf6 29. Bxf6+ 1-0

[Event "*** Titled Tuesday Blitz"]
[Site "Chess.com"]
[Date "2020.04.14"]
[Round "7"]
[White "SketchyMoves"]
[Black "krasavetc"]
[Result "1-0"]
[WhiteElo "2651"]
[BlackElo "2495"]
[TimeControl "180+1"]
[EndTime "11:11:27 PDT"]
[Termination "SketchyMoves won by resignation"]

1. e4 c6 2. Nc3 d5 3. Nf3 dxe4 4. Nxe4 Nd7 5. Qe2 e6 6. d4 Ngf6 7. Bg5 Be7 8. O-O-O O-O 9. h4 Nxe4 10. Qxe4 Nf6 11. Bxf6 gxf6 12. Bd3 f5 13. Qe3 Kh8 14. Kb1 Rg8 15. Ne5 Qf8 16. Rdg1 c5 17. g4 f6 18. Nc4 cxd4 19. Qxd4 e5 20. Qd5 fxg4 21. Ne3 f5 22. Bxf5 Bxf5 23. Qxe5+ Bf6 24. Qxf5 Qe7 25.
Nd5 Qe5 26. Qxf6+ Qxf6 27. Nxf6 1-0

[Event "*** Titled Tuesday Blitz"]
[Site "Chess.com"]
[Date "2020.04.14"]
[Round "7"]
[White "sergoy"]
[Black "CHESSMASTER759"]
[Result "1/2-1/2"]
[WhiteElo "2897"]
[BlackElo "2768"]
[TimeControl "180+1"]
[EndTime "11:11:34 PDT"]
[Termination "Game drawn by agreement"]

1. d4 Nf6 2. c4 e6 3. Nf3 d5 4. Nc3 c5 5. cxd5 Nxd5 6. e4 Nxc3 7. bxc3 cxd4 8. cxd4 Bb4+ 9. Bd2 Bxd2+ 10. Qxd2 O-O 11. Bc4 Nd7 12. O-O b6 13. Rfe1 Bb7 14. Rad1 Rc8 15. Bb3 h6 16. h3 Qf6 17. Qe3 Rfd8 18. d5 exd5 19. e5 Qg6 20. Nd4 Re8 21. f4 Nc5 22.
Bc2 Ne4 23. Rf1 f5 24. Bb3 Rc3 25. Rd3 Rec8 26. Rfd1 Kh7 27. Rxc3 Rxc3 28. Rd3 1/2-1/2

[Event "*** Titled Tuesday Blitz"]
[Site "Chess.com"]
[Date "2020.04.14"]
[Round "7"]
[White "kingmonkey2006"]
[Black "kingnb"]
[Result "0-1"]
[WhiteElo "2577"]
[BlackElo "2431"]
[TimeControl "180+1"]
[EndTime "11:11:36 PDT"]
[Termination "kingnb won on time"]

1. e4 d5 2. exd5 Nf6 3. Nc3 Nxd5 4. Nxd5 Qxd5 5. Nf3 Bf5 6. Be2 Nc6 7. O-O O-O-O 8. d3 e5 9. Be3 h6 10. a3 e4 11. Ne1 Bd6 12. Bg4 Kb8 13. Bxf5 Qxf5 14. dxe4 Bxh2+ 15. Kxh2 Rxd1 16. Rxd1 Qh5+ 0-1

[Event "*** Titled Tuesday Blitz"]
[Site "Chess.com"]
[Date "2020.04.14"]
[Round "7"]
[White "RodinMihail"]
[Black "KerryStead"]
[Result "1-0"]
[WhiteElo "2478"]
[BlackElo "2157"]
[TimeControl "180+1"]
[EndTime "11:11:39 PDT"]
[Termination "RodinMihail won by resignation"]

1. e4 d6 2. d4 c6 3. Nc3 Nd7 4. g3 Qc7 5. Bg2 e5 6. Nge2 Ngf6 7. a4 Be7 8. O-O h6 9. h3 Nf8 10. f4 g5 11. fxe5 dxe5 12. d5 Ng6 13. Be3 a6 14.
Qd2 Bd6 15. Rxf6 Qe7 16. Raf1 Nf4 17. gxf4 gxf4 18. Nxf4 Qxf6 19. Nh5 Qg6 20. Nf6+ Ke7 21. Kh1 c5 22. Qf2 h5 23. Bxc5 h4 24. Bxd6+ Kxd6 25. Qb6+ Ke7 26. Qc5+ Kd8 27. Qd6+ 1-0

[Event "*** Titled Tuesday Blitz"]
[Site "Chess.com"]
[Date "2020.04.14"]
[Round "7"]
[White "hakki1"]
[Black "Valuebet2000"]
[Result "1/2-1/2"]
[WhiteElo "2395"]
[BlackElo "2549"]
[TimeControl "180+1"]
[EndTime "11:11:41 PDT"]
[Termination "Game drawn by repetition"]

1. d4 d5 2. c4 e6 3. Nc3 Nf6 4. cxd5 Nxd5 5. Nf3 Nxc3 6. bxc3 c5 7. e4 cxd4 8. cxd4 Bb4+ 9. Bd2 Bxd2+ 10. Qxd2 O-O 11.
Bc4 b6 12. O-O Bb7 13. Rfe1 Nd7 14. Rad1 Rc8 15. Bd3 Nf6 16. Qf4 Qc7 17. e5 h6 18.
Rc1 Qb8 19. Qh4 Rxc1 20. Rxc1 Nd5 21. Qe4 Nf6 22. Qh4 Nd5 23. Qe4 Nf6 24. Qh4 1/2-1/2

[Event "*** Titled Tuesday Blitz"]
[Site "Chess.com"]
[Date "2020.04.14"]
[Round "7"]
[White "Lestofante90"]
[Black "kungmongmanh"]
[Result "1-0"]
[WhiteElo "2785"]
[BlackElo "2577"]
[TimeControl "180+1"]
[EndTime "11:11:43 PDT"]
[Termination "Lestofante90 won by checkmate"]

1. d4 Nf6 2. c4 e6 3. Nf3 Bb4+ 4. Bd2 Qe7 5. g3 O-O 6. Bg2 Bxd2+ 7. Qxd2 d6 8. Nc3 e5 9. O-O h6 10. e4 Bg4 11.
Ne1 exd4 12. Qxd4 Nc6 13. Qd2 Qd7 14. Nc2 Bh3 15. Rad1 Rae8 16. f3 Bxg2 17. Kxg2 Ne5 18. Ne3 Ng6 19. Qd4 a6 20. c5 Rd8 21. cxd6 cxd6 22. Nf5 Qe6 23. Nd5 Nxd5 24. Qxg7# 1-0

[Event "*** Titled Tuesday Blitz"]
[Site "Chess.com"]
[Date "2020.04.14"]
[Round "7"]
[White "Saxar85"]
[Black "Budisavljevic"]
[Result "1-0"]
[WhiteElo "2600"]
[BlackElo "2404"]
[TimeControl "180+1"]
[EndTime "11:11:46 PDT"]
[Termination "Saxar85 won by resignation"]

1. Nf3 Nf6 2. g3 b5 3. Bg2 Bb7 4. Na3 a6 5. c4 e5 6. O-O e4 7. Nd4 c5 8. Nb3 b4 9. Nc2 a5 10. d3 d5 11. cxd5 a4 12. Nd2 exd3 13. exd3 Bxd5 14. Ne4 Be7 15. Qf3 Nxe4 16. dxe4 Bb7 17. Rd1 Qb6 18. Ne3 O-O 19. Nf5 Re8 20. Qg4 Qf6 21. e5 Qg6 22. Nxe7+ 1-0

[Event "*** Titled Tuesday Blitz"]
[Site "Chess.com"]
[Date "2020.04.14"]
[Round "7"]
[White "binbin239"]
[Black "Chessialist"]
[Result "0-1"]
[WhiteElo "2470"]
[BlackElo "2651"]
[TimeControl "180+1"]
[EndTime "11:11:47 PDT"]
[Termination "Chessialist won by resignation"]

1. d4 Nf6 2. c4 e5 3. dxe5 Ng4 4.
Bf4 g5 5. Bg3 Bg7 6. Nf3 Nc6 7.
e3 Ngxe5 8. Nd4 d6 9. Nc3 h5 10. h4 g4 11. Be2 Be6 12. b3 Qd7 13. Rc1 O-O-O 14. O-O Kb8 15. Nd5 Nxd4 16. exd4 Ng6 17. Ne3 Qe7 18. c5 f5 19. cxd6 cxd6 20. d5 Bc8 21. Rxc8+ Kxc8 22. Nxf5 Qf8 23. Qc2+ Kb8 24. Nxd6 Nf4 25. Nf5 Be5 26. Qe4 Nxe2+ 27. Qxe2 Bxg3 28.
Nxg3 Rxd5 29. Qc4 Qc5 30. Qxg4 hxg4 0-1

[Event "*** Titled Tuesday Blitz"]
[Site "Chess.com"]
[Date "2020.04.14"]
[Round "7"]
[White "willc-h99"]
[Black "2008king"]
[Result "0-1"]
[WhiteElo "2292"]
[BlackElo "2050"]
[TimeControl "180+1"]
[EndTime "11:11:48 PDT"]
[Termination "2008king won by checkmate"]

1. c4 e5 2. g3 Nf6 3. Bg2 c6 4. d4 e4 5. Nc3 d5 6. Qb3 a5 7. cxd5 cxd5 8. Bg5 Bb4 9. Bxf6 gxf6 10. Nh3 Nc6 11.
e3 a4 12. Qd1 a3 13. Qb3 axb2 14. Qxb2 Ra3 15. Rc1 Qa5 16. Kd2 Rxa2 17. Qxa2 Qxa2+ 18. Rc2 Bxc3+ 19. Kxc3 Qa5+ 20. Kb2 Qb4+ 21. Kc1 Bxh3 22. Bxh3 Ke7 23. Kd1 Ra8 24. Ke2 Qb3 25. Rd2 Ra2 26. Rd1 Nb4 27. Bc8 Qd3+ 28. Ke1 Nc2+ 29. Rxc2 Qxc2 30.
Bg4 Qxf2# 0-1

[Event "*** Titled Tuesday Blitz"]
[Site "Chess.com"]
[Date "2020.04.14"]
[Round "7"]
[White "Training_Day"]
[Black "Alkhoori90"]
[Result "0-1"]
[WhiteElo "2297"]
[BlackElo "2082"]
[TimeControl "180+1"]
[EndTime "11:11:54 PDT"]
[Termination "Alkhoori90 won by resignation"]

1. e4 d5 2. exd5 Qxd5 3. Nc3 Qd6 4. d4 Nf6 5. Nf3 Bg4 6. h3 Bh5 7. g4 Bg6 8. Ne5 Nbd7 9. Bf4 Nxe5 10. dxe5 Qb4 11.
exf6 Qxf4 12. Bg2 c6 13. fxe7 Bxe7 14. O-O O-O 15. Ne2 Qg5 16. Qc1 Qc5 17. c3 f5 18.
g5 f4 19. Nd4 f3 20. Bxf3 Bxg5 21. Kh1 Bxc1 0-1

[Event "*** Titled Tuesday Blitz"]
[Site "Chess.com"]
[Date "2020.04.14"]
[Round "7"]
[White "Mbneu"]
[Black "tamarozi99"]
[Result "1-0"]
[WhiteElo "2203"]
[BlackElo "1953"]
[TimeControl "180+1"]
[EndTime "11:11:54 PDT"]
[Termination "Mbneu won by resignation"]

1. d4 Nf6 2. c4 g6 3. Nc3 Bg7 4. e4 d6 5. f4 O-O 6. Nf3 Nbd7 7. e5 Ne8 8. Bd3 c5 9. d5 dxe5 10. f5 e4 11. Bxe4 Ne5 12. fxg6 hxg6 13. O-O Nxc4 14. Qe1 Nf6 15. Qh4 Nxe4 16. Nxe4 f6 17. Neg5 fxg5 18.
Qxc4 Qd6 19. Be3 g4 20. Bxc5 Qc7 21. d6+ 1-0

[Event "*** Titled Tuesday Blitz"]
[Site "Chess.com"]
[Date "2020.04.14"]
[Round "7"]
[White "DACF2905"]
[Black "Godzillator"]
[Result "0-1"]
[WhiteElo "2153"]
[BlackElo "2347"]
[TimeControl "180+1"]
[EndTime "11:11:55 PDT"]
[Termination "Godzillator won by checkmate"]

1. d4 d5 2. c4 c6 3. Nf3 Nf6 4.
g3 dxc4 5. a4 b5 6. axb5 cxb5 7.
Bg2 Bb7 8. Nc3 a6 9. O-O e6 10. b3 cxb3 11. Qxb3 Be7 12. e3 O-O 13. Ne5 Bxg2 14.
Kxg2 Nbd7 15. Nc6 Qe8 16. Nxe7+ Qxe7 17. Ba3 Qd8 18. Bxf8 Kxf8 19. Qb4+ Kg8 20. Qd6 Qc8 21. Rfc1 Qb7+ 22. f3 Nb6 23. e4 h6 24. Nxb5 axb5 25.
Rxa8+ Nxa8 26. Qd8+ Kh7 27. Rc8 Nb6 28. Rb8 Qa7 29.
Qxb6 Qa2+ 30. Kh3 Qf2 31. Qxb5 Qxf3 32. e5 Ne4 33. Qb1 g6 34. Rb3 Ng5+ 35. Kh4 Qh5# 0-1

[Event "*** Titled Tuesday Blitz"]
[Site "Chess.com"]
[Date "2020.04.14"]
[Round "7"]
[White "erlesfar"]
[Black "NFChess13"]
[Result "0-1"]
[WhiteElo "2253"]
[BlackElo "2441"]
[TimeControl "180+1"]
[EndTime "11:11:56 PDT"]
[Termination "NFChess13 won on time"]

1. e4 c5 2. d4 cxd4 3. c3 Nf6 4. e5 Nd5 5. Nf3 e6 6. cxd4 Nc6 7. Bc4 d6 8. O-O Be7 9. Qe2 O-O 10. Qe4 Bd7 11. exd6 Bxd6 12. Nc3 Nf6 13. Qh4 Be7 14. Re1 Rc8 15. Bd3 Nb4 16. Bb1 Bc6 0-1

[Event "*** Titled Tuesday Blitz"]
[Site "Chess.com"]
[Date "2020.04.14"]
[Round "7"]
[White "elohunter1999"]
[Black "pirulillo"]
[Result "1-0"]
[WhiteElo "2482"]
[BlackElo "2194"]
[TimeControl "180+1"]
[EndTime "11:11:57 PDT"]
[Termination "elohunter1999 won by resignation"]

1. e4 c5 2. Nf3 e6 3. d4 cxd4 4. Nxd4 Nf6 5. Nc3 Nc6 6. Nxc6 dxc6 7. e5 Qxd1+ 8. Nxd1 Nd7 9. f4 Bc5 10. Be3 Ke7 11.
Bd3 a5 12. Bxc5+ Nxc5 13. Nf2 b6 14. O-O-O Ba6 15. Bxa6 Rxa6 16. Rd6 Rc8 17. Rhd1 Ra7 18. c3 Rcc7 19. Kc2 Nb7 20. Ne4 f5 21. Ng5 Nc5 22. b4 axb4 23. cxb4 h6 24. bxc5 hxg5 25. cxb6 Rxa2+ 26. Kb3 Rb7 27. Kxa2 Rxb6 28. Rd7+ Kf8 29.
fxg5 Rb8 30. Rd8+ Rxd8 31. Rxd8+ Kf7 32. h4 1-0

[Event "*** Titled Tuesday Blitz"]
[Site "Chess.com"]
[Date "2020.04.14"]
[Round "7"]
[White "Funkmaus"]
[Black "grunbergmihai"]
[Result "1-0"]
[WhiteElo "2201"]
[BlackElo "2333"]
[TimeControl "180+1"]
[EndTime "11:11:58 PDT"]
[Termination "Funkmaus won by resignation"]

1. d4 f5 2. Bg5 g6 3. e3 Bg7 4.
Nf3 Nf6 5. h4 h6 6. Bxf6 Bxf6 7.
c3 c6 8. Nbd2 O-O 9. Bd3 d5 10.
Qc2 Bg7 11. h5 g5 12. Ne5 Bxe5 13. dxe5 e6 14. g4 fxg4 15. O-O-O Rxf2 16. Rdf1 g3 17. Rxf2 gxf2 18. Nf3 Qf8 19. Qxf2 Nd7 20. Qg3 Qg7 21. Bg6 Nc5 22. Nxg5 hxg5 23. Qxg5 Ne4 24. Qd8+ Qf8 25. Bh7+ 1-0

[Event "*** Titled Tuesday Blitz"]
[Site "Chess.com"]
[Date "2020.04.14"]
[Round "7"]
[White "Superfelix"]
[Black "GMKrikor"]
[Result "1-0"]
[WhiteElo "2551"]
[BlackElo "2684"]
[TimeControl "180+1"]
[EndTime "11:11:59 PDT"]
[Termination "Superfelix won by resignation"]

1. e4 c5 2. Nf3 g6 3. c3 d5 4. exd5 Qxd5 5. d4 Bg7 6. Na3 cxd4 7. Nb5 Na6 8. Nbxd4 Nf6 9. Be2 O-O 10. O-O Bd7 11. Bf4 Nc5 12. Ne5 Bf5 13. Bc4 Qe4 14.
Bg3 Bg4 15. f3 Qe3+ 16. Kh1 Bc8 17. Re1 Qg5 18. Nxf7 Rxf7 19. Bxf7+ Kxf7 20. Re5 Nfe4 1-0

[Event "*** Titled Tuesday Blitz"]
[Site "Chess.com"]
[Date "2020.04.14"]
[Round "7"]
[White "tsvet2005"]
[Black "axvesik"]
[Result "1-0"]
[WhiteElo "2674"]
[BlackElo "2447"]
[TimeControl "180+1"]
[EndTime "11:12:00 PDT"]
[Termination "tsvet2005 won by resignation"]

1. d4 Nf6 2. c4 e6 3. Nc3 Bb4 4. f3 O-O 5. a3 Bxc3+ 6. bxc3 c5 7. d5 Qa5 8. Bb2 Re8 9. e4 exd5 10. cxd5 d6 11. Ne2 Nbd7 12. Ng3 Nb6 13. Be2 Na4 14.
Qc2 Bd7 15. O-O b5 16. c4 Nxb2 17. Qxb2 bxc4 18. Bxc4 Rab8 19. Qc2 Ba4 20. Qc1 g6 21. Nf5 Qd8 22. Ne3 Nd7 23. Be2 Nb6 24. Qc3 Qe7 25. Ng4 h5 26. Nf6+ Kf8 27. Nxe8 Kxe8 28. Rab1 Rc8 29. f4 Qxe4 30. Ba6 1-0

[Event "*** Titled Tuesday Blitz"]
[Site "Chess.com"]
[Date "2020.04.14"]
[Round "7"]
[White "2165149677570"]
[Black "Alexandercs432"]
[Result "1-0"]
[WhiteElo "2309"]
[BlackElo "2115"]
[TimeControl "180+1"]
[EndTime "11:12:00 PDT"]
[Termination "2165149677570 won on time"]

1. e4 e5 2. Nf3 Nf6 3. Nxe5 d6 4. Nf3 Nxe4 5. d4 d5 6. Bd3 Nc6 7. O-O Be7 8. c4 Nb4 9. cxd5 Nxd3 10. Qxd3 Qxd5 11.
Re1 Bf5 12. g4 Bg6 13. Nc3 Nxc3 14. Qxc3 c6 15. Bg5 f6 16. Qe3 Qd7 17. Bf4 Kf8 18. d5 Re8 19. Nh4 Qxg4+ 20. Bg3 cxd5 21. Nxg6+ hxg6 22. Rac1 Rh5 23. f4 Rf5 24. Rc7 g5 25. Rxe7 1-0

[Event "*** Titled Tuesday Blitz"]
[Site "Chess.com"]
[Date "2020.04.14"]
[Round "7"]
[White "Angel_Hranitel_37"]
[Black "HanSchut"]
[Result "1/2-1/2"]
[WhiteElo "2360"]
[BlackElo "2221"]
[TimeControl "180+1"]
[EndTime "11:12:01 PDT"]
[Termination "Game drawn by agreement"]

1. d4 Nf6 2. Nf3 g6 3. g3 Bg7 4. Bg2 O-O 5. O-O d5 6. c4 dxc4 7.
Na3 c5 8. dxc5 Na6 9. c6 bxc6 10.
Nd4 Bb7 11. Nxc4 Nd5 12. e3 Rc8 13. Bd2 Nc5 14. Na5 Ba8 15. Rc1 Nd3 16. Rc2 N3b4 17. Rc1 Qxa5 18. a3 c5 19. axb4 Nxb4 20. Nb3 Qd8 21.
Bxa8 Rxa8 22. Nxc5 Nd3 1/2-1/2

[Event "*** Titled Tuesday Blitz"]
[Site "Chess.com"]
[Date "2020.04.14"]
[Round "7"]
[White "ARMQUEEN"]
[Black "googlegoom"]
[Result "1-0"]
[WhiteElo "2273"]
[BlackElo "2486"]
[TimeControl "180+1"]
[EndTime "11:12:02 PDT"]
[Termination "ARMQUEEN won by resignation"]

1. e4 c5 2. Nc3 Nc6 3. Bb5 Nf6 4.
Nf3 e6 5. Bxc6 dxc6 6. d3 Be7 7.
h3 b6 8. Be3 h6 9. Qd2 a5 10. Nh2 Ba6 11. b3 Nd7 12. O-O e5 13. f4 exf4 14. Bxf4 O-O 15. Ng4 Nf6 16. Ne3 Bc8 17.
Rae1 Qd4 18. Kh1 Be6 19. Ne2 Qd7 20. Ng3 Rad8 21. Nef5 Rfe8 22. Bxh6 Bf8 23. Bxg7 Bxg7 24.
Qg5 Bxf5 25. Nxf5 Nh5 26. Qxh5 Re6 27. Re3 Rg6 28. Rg3 Rxg3 29. Nxg3 Qe6 30. Qg5 Rd7 31. Nf5 Qg6 32. Ne7+ 1-0

[Event "*** Titled Tuesday Blitz"]
[Site "Chess.com"]
[Date "2020.04.14"]
[Round "7"]
[White "PotapovaM"]
[Black "enzovsky"]
[Result "1-0"]
[WhiteElo "2520"]
[BlackElo "2329"]
[TimeControl "180+1"]
[EndTime "11:12:04 PDT"]
[Termination "PotapovaM won by checkmate"]

1. d4 Nf6 2. c4 g6 3. Nc3 d5 4. cxd5 Nxd5 5. e4 Nxc3 6. bxc3 Bg7 7. Nf3 c5 8. Be3 Qa5 9. Qd2 Nc6 10. Rb1 cxd4 11. cxd4 Qxd2+ 12. Kxd2 O-O 13. Bb5 f5 14. exf5 Bxf5 15. Rbc1 Be4 16. Ng5 Bd5 17. Rc5 e6 18. Bc4 Bxc4 19. Rxc4 Rfe8 20. Rb1 h6 21. Ne4 Rad8 22.
Rxb7 Na5 23. Rxg7+ Kxg7 24. Rc7+ Kf8 25. Bxh6+ Kg8 26.
Nf6+ Kh8 27. Rh7# 1-0

[Event "*** Titled Tuesday Blitz"]
[Site "Chess.com"]
[Date "2020.04.14"]
[Round "7"]
[White "EugeneRougon"]
[Black "Gabix_94"]
[Result "0-1"]
[WhiteElo "2691"]
[BlackElo "2862"]
[TimeControl "180+1"]
[EndTime "11:12:06 PDT"]
[Termination "Gabix_94 won by resignation"]

1. e4 c5 2. Nf3 e6 3. g3 Nc6 4.
Bg2 Nf6 5. Nc3 d6 6. O-O Be7 7. d4 cxd4 8. Nxd4 Bd7 9. Nde2 O-O 10. b3 Rb8 11. a4 a6 12. Bb2 b5 13. axb5 axb5 14. h3 Qb6 15. Kh2 Rfd8 16. f4 Be8 17. g4 d5 18. e5 Ne4 19. Nxe4 dxe4 20. Qe1 Nb4 21. Bxe4 Qe3 22. Nd4 Qxe1 23. Rfxe1 Rbc8 24. Ra7 Bc5 0-1

[Event "*** Titled Tuesday Blitz"]
[Site "Chess.com"]
[Date "2020.04.14"]
[Round "7"]
[White "stanyga"]
[Black "Frogo47"]
[Result "1-0"]
[WhiteElo "2682"]
[BlackElo "2527"]
[TimeControl "180+1"]
[EndTime "11:12:06 PDT"]
[Termination "stanyga won by resignation"]

1. e4 e5 2. Nf3 Nc6 3. Bb5 a6 4. Ba4 Nf6 5. O-O b5 6. Bb3 Be7 7. Re1 O-O 8. c3 d6 9. d4 Bg4 10. d5 Na5 11. Bc2 c6 12. h3 Bxf3 13. Qxf3 cxd5 14. exd5 Nc4 15. Nd2 Nb6 16. Nf1 Nbxd5 17. Ng3 g6 18. Bh6 Re8 19. Rad1 Nb6 20. Nf5 Nbd7 21. Nxd6 Bxd6 22. Rxd6 Qe7 23. Red1 e4 24. Qf4 Ra7 25. Bg5 e3 26. Bxf6 Nxf6 27. Qxf6 e2 28. Re1 Qxf6 29. Rxf6 Rd7 30. Rxa6 Rd2 31. Bb3 Red8 32.
f3 1-0

[Event "*** Titled Tuesday Blitz"]
[Site "Chess.com"]
[Date "2020.04.14"]
[Round "7"]
[White "BaMBoMaTTo"]
[Black "UCantHandleDenker"]
[Result "1-0"]
[WhiteElo "2715"]
[BlackElo "2572"]
[TimeControl "180+1"]
[EndTime "11:12:08 PDT"]
[Termination "BaMBoMaTTo won by resignation"]

1. e4 c5 2. Nf3 d6 3. d4 cxd4 4. Nxd4 Nf6 5. Nc3 g6 6. Be3 Bg7 7. f3 O-O 8. Qd2 Nc6 9. Bc4 Bd7 10. h4 Ne5 11. Bb3 h5 12. O-O-O Rc8 13. Bg5 Rc5 14. Kb1 b5 15. g4 hxg4 16. h5 Nxh5 17. Nd5 Re8 18.
Rxh5 gxh5 19. Qh2 Rxd5 20. Bxd5 Qb6 21. Nf5 Bxf5 22. exf5 gxf3 23. Qxh5 Qf2 24. Bf4 Qe2 25. Rc1 e6 26. fxe6 Rxe6 27. Bxe6 fxe6 28. Qe8+ Bf8 29.
Qxe6+ Nf7 30. Qxe2 fxe2 31. Re1 Ne5 32. Bxe5 Bg7 33.
Bxg7 Kxg7 34. Rxe2 Kf6 35. b4 1-0

[Event "*** Titled Tuesday Blitz"]
[Site "Chess.com"]
[Date "2020.04.14"]
[Round "7"]
[White "AlanZhang"]
[Black "Vojtastr"]
[Result "0-1"]
[WhiteElo "2186"]
[BlackElo "2485"]
[TimeControl "180+1"]
[EndTime "11:12:10 PDT"]
[Termination "Vojtastr won by checkmate"]

1. e4 c5 2. Nf3 Nc6 3. d4 cxd4 4.
Nxd4 Nf6 5. Nc3 e5 6. Ndb5 d6 7.
Bg5 a6 8. Na3 b5 9. Nd5 Be7 10.
Bxf6 Bxf6 11. c4 b4 12. Nc2 O-O 13. h4 a5 14. b3 Be6 15. g3 g6 16. Nxf6+ Qxf6 17. Qxd6 Rac8 18. Qd3 Rfd8 19. Qe3 Nd4 20. Nxd4 Rxd4 21. Bg2 Rcd8 22. O-O Bc8 23. Bf3 Rd3 24. Qc5 Qxf3 25. Kh2 Qxe4 26. Qxa5 Bb7 27. Rg1 Rd2 28. Raf1 Qd4 29. Qc7 Rxf2+ 30. Kh3 Bc8+ 31. g4 Rxf1 32. Rxf1 Qxg4+ 33. Kh2 Rd2+ 34. Kh1 Qg2# 0-1

[Event "*** Titled Tuesday Blitz"]
[Site "Chess.com"]
[Date "2020.04.14"]
[Round "7"]
[White "Grandmaster2B"]
[Black "vasblesk"]
[Result "0-1"]
[WhiteElo "2526"]
[BlackElo "2390"]
[TimeControl "180+1"]
[EndTime "11:12:12 PDT"]
[Termination "vasblesk won by resignation"]

1. e4 Nf6 2. e5 Nd5 3. d4 d6 4. Nf3 dxe5 5. Nxe5 c6 6. c4 Nb4 7. Be3 Bf5 8. Nd3 e5 9. Nxb4 Bxb4+ 10. Nc3 Qa5 11.
Qb3 Na6 12. a3 exd4 13. Bxd4 O-O-O 14. O-O-O Nc5 15. Qa2 Rxd4 16. axb4 Nb3+ 0-1

[Event "*** Titled Tuesday Blitz"]
[Site "Chess.com"]
[Date "2020.04.14"]
[Round "7"]
[White "Gerasimenyuk_Miha"]
[Black "Ovsiannikov_Maxim"]
[Result "1-0"]
[WhiteElo "2495"]
[BlackElo "2229"]
[TimeControl "180+1"]
[EndTime "11:12:13 PDT"]
[Termination "Gerasimenyuk_Miha won by checkmate"]

1. d4 d5 2. Nf3 Nc6 3. Bg5 Bf5 4. e3 Nb4 5. Na3 h6 6. Bh4 Nf6 7. c3 Nc6 8. Bb5 a6 9. Bxc6+ bxc6 10.
Ne5 Qd6 11. Bg3 Qe6 12. Qa4 Ne4 13. O-O g5 14. Nxc6 Qd7 15. c4 Nxg3 16. fxg3 Bd3 17. Rxf7 dxc4 18. Nxc4 Be4 19. N4e5 Bxc6 20. Nxc6 Rb8 21.
Qc4 Rb6 22. Ne5 Qb5 23. Qxc7 Rb8 24. Rc1 Bg7 25. Qc8+ Rxc8 26. Rxc8# 1-0